 Dungeon Crawl Stone Soup version 0.32-a0-673-g3729bd50f8 (webtiles) character file.

Game seed: 17350941369077333816

1971 Khashishi the Conjurer (level 9, -1/57 HPs)
             Began as a Coglin Conjurer on Mar 11, 2024.
             Was an Initiate of Sif Muna.
             Slain by a shadow imp (5 damage)
             ... on level 6 of the Dungeon.
             The game lasted 00:33:18 (4780 turns).

Khashishi the Conjurer (Coglin Conjurer)            Turns: 4780, Time: 00:33:19

Health: -1/57      AC:  7    Str:  8    XL:     9   Next: 20%
Magic:  7/18       EV: 11    Int: 21    God:    Sif Muna [......]
Gold:   342        SH:  0    Dex: 13    Spells: 13/20 levels left

rFire   . . .        h - +0 flail (holy) {Juan}
rCold   . . .        l - +0 spear (venom) {Aiguo}
rNeg    . . .        H - +1 leather armour {rPois}
rPois   +            v - +0 helmet
rElec   .            F - +0 cloak
rCorr   .            (no gloves)
SInv    .            t - +0 pair of boots
Will    .....        (amulet unavailable)
Stlth   ++           (ring unavailable)
HPRegen 0.29/turn    (ring unavailable)
MPRegen 0.16/turn    (no gizmo)

%: no passive effects
@: no status effects
A: off-hand wielding, slow wielding, warmup strikes, no jewellery
a: Invent Gizmo, Renounce Religion


You were on level 6 of the Dungeon.
You worshipped Sif Muna.
Sif Muna was noncommittal.
You visited 2 branches of the dungeon, and saw 7 of its levels.

You collected 342 gold pieces.

Inventory:

Hand Weapons
 a - a +1 hand axe of venom
 h - a +0 flail of holy wrath (weapon) {Juan}
 l - a +0 spear of venom (offhand) {Aiguo}
 D - a +1 whip of venom
Missiles
 d - 2 atropa-tipped darts
 f - 5 javelins
 p - 8 poisoned darts
Armour
 t - a +0 pair of boots (worn)
 v - a +0 helmet (worn)
 F - a +0 cloak (worn)
 H - a +1 leather armour of poison resistance (worn)
Wands
 n - a wand of mindburst (4)
 w - a wand of polymorph (7)
 B - a wand of acid (2)
Scrolls
 c - a scroll of immolation {unknown}
 i - a scroll of acquirement {unknown}
 j - 2 scrolls of amnesia {unknown}
 o - 3 scrolls of teleportation
 q - a scroll of silence {unknown}
 r - 4 scrolls of revelation {unknown}
 x - a scroll of enchant armour {unknown}
 y - 2 scrolls of poison {unknown}
 A - a scroll of fog {unknown}
 C - a scroll of enchant weapon {unknown}
 E - 2 scrolls of noise {unknown}
 G - 2 scrolls of vulnerability {unknown}
Potions
 b - a potion of magic
 e - 2 potions of might
 g - a potion of lignification {unknown}
 k - 2 potions of brilliance
 m - 4 potions of heal wounds
 s - 3 potions of curing
 u - a potion of enlightenment {unknown}
 z - 2 potions of degeneration {unknown}


   Skills:
 - Level 1.7 Dodging
 - Level 1.5 Stealth
 + Level 6.3 Spellcasting
 + Level 7.5 Conjurations
 + Level 6.0 Alchemy


You had 13 spell levels left.
You knew the following spells:

 Your Spells              Type           Power      Damage    Failure   Level
a - Magic Dart            Conj           100%       1d8       1%          1
b - Searing Ray           Conj           76%        2d7       1%          2
c - Fulminant Prism       Conj/Alch      17%        3d10      9%          4

Your spell library contained the following spells:

 Spells                   Type           Power      Damage    Failure   Level
 Shock                    Conj/Air       88%        1d8       3%          1
 Momentum Strike          Conj/Tloc      44%        3d9       4%          2
 Static Discharge         Conj/Air       44%        3-5/arc   4%          2
 Apportation              Tloc           12%        N/A       14%         1
 Blink                    Tloc           12%        N/A       21%         2
 Jinxbite                 Hex            12%        N/A       21%         2
 Lesser Beckoning         Tloc           12%        N/A       21%         2
 Iskenderun's Mystic Bla  Conj/Tloc      22%        2d6       28%         4
 Alistair's Intoxication  Alch           21%        N/A       32%         5
 Swiftness                Air            6%         N/A       38%         3
 Airstrike                Air            3%         2d(1-17)  80%         4
 Summon Lightning Spire   Summ/Air       6%         N/A       80%         4


Dungeon Overview and Level Annotations

Branches:
Dungeon (6/15)             Temple (1/1) D:5

Altars:
Ashenzari
Cheibriados
Dithmenos
Elyvilon
Fedhas
Hepliaklqana
Kikubaaqudgha
Nemelex Xobeh
Okawaru
Qazlal
Ru
Sif Muna
Trog
Vehumet
Xom
Yredelemnul
Zin
The Shining One

Annotations:
D:4 3 runed translucent doors, ytrimaz's ghost, novice CoGl


Innate Abilities, Weirdness & Mutations

You can wield a second weapon in your off-hand.
It takes a long time for you to wield or remove held weapons.
Your first few attacks do less damage.
You cannot equip rings or amulets.


Message History

Confirm with . or Enter, or press ? or * to list all spells.
Okay, then.
The steam dragon attacks as it pursues you!
The steam dragon bites you but does no damage.
The steam dragon closely misses you.
Casting: Searing Ray (safe; 1% risk of failure)
Confirm with . or Enter, or press ? or * to list all spells.
Aiming: Searing Ray (safe; 1% risk of failure)
Press: ? - help, Shift-Dir - straight line, f/p - steam dragon
Aim: a steam dragon (severely wounded, catching its breath, 81% to hit)
The searing ray misses the steam dragon. (Press . to maintain the ray.)
The steam dragon barely misses you. x2
The searing ray hits the steam dragon.
The steam dragon is severely wounded.
The steam dragon breathes steam at you. The ball of steam hits you!
The searing ray hits the steam dragon!
You kill the steam dragon!
Sif Muna accepts your kill.
You are engulfed in a cloud of scalding steam.
A shadow imp comes into view.
Your Alchemy skill increases to level 6!
Casting: Searing Ray (safe; 1% risk of failure)
Confirm with . or Enter, or press ? or * to list all spells.
Aiming: Searing Ray (safe; 1% risk of failure)
Press: ? - help, Shift-Dir - straight line, f - shadow imp
Aim: a shadow imp (78% to hit)
The searing ray misses the shadow imp. (Press . to maintain the ray.)
The shadow imp gestures at you. Pain shoots through your body!
* * * LOW HITPOINT WARNING * * *
The searing ray misses the shadow imp.
The searing ray hits the shadow imp.
The shadow imp is heavily wounded.
You are engulfed in a cloud of scalding steam.
* * * LOW HITPOINT WARNING * * *
The shadow imp hits you.
You die...

##.# #.#.
#.......<.# ##.#
#.#.###........##
##.#
#.#[......######
##.# #.#####...#
...# #.........#
#######
####.##.#.#
....... #.##.#.#
#######
###.##.#.#
#..5@§..§+
#.#.##§###
........#
###.#.#### ##
...#.# .# ..# #.#
.# #.. #.# #+ #..


You could see a shadow imp.

Vanquished Creatures
  A gargoyle (D:6)
  A steam dragon (D:6)
  A water moccasin (D:5)
  A sky beast (D:6)
  2 ice beasts (D:6)
  A centaur (D:4)
  4 ogres
  A scorpion (D:6)
  A howler monkey (D:5)
  A bombardier beetle (D:5)
  A jelly (D:4)
  3 hounds
  An orc priest (D:4)
  A sleepcap (D:6)
  Ijyb (D:3)
  2 iguanas
  3 orc wizards
  3 gnolls (D:3)
  12 adders
  A shadow imp (D:5)
  2 ufetubi (D:6)
  4 dart slugs
  A ribbon worm (D:3)
  21 orcs
  6 endoplasms
  3 giant cockroaches
  7 goblins
  8 hobgoblins
  2 jackals (D:3)
  3 kobolds
  6 quokkas
  10 ball pythons
  9 bats
  3 frilled lizards
  11 rats
138 creatures vanquished.

Vanquished Creatures (others)
  4 fulminant prisms
4 creatures vanquished.

Grand Total: 142 creatures vanquished

Notes
Turn   | Place    | Note
-------+----------+-------------------------------------------
     0 | D:1      | Khashishi the Coglin Conjurer began the quest for the Orb.
     0 | D:1      | Reached XP level 1. HP: 13/13 MP: 3/3
   181 | D:1      | Reached XP level 2. HP: 18/19 MP: 0/5
   228 | D:1      | Learned a level 2 spell: Searing Ray
   483 | D:1      | Reached skill level 4 in Conjurations
   649 | D:1      | Reached XP level 3. HP: 24/24 MP: 1/6
  1295 | D:2      | Noticed an ogre
  1297 | D:2      | Killed an ogre
  1298 | D:2      | Reached XP level 4. HP: 30/30 MP: 8/8
  1298 | D:2      | Reached XP level 5. HP: 35/35 MP: 9/9
  1824 | D:3      | Noticed Ijyb
  1866 | D:3      | Killed Ijyb
  1867 | D:3      | Reached skill level 5 in Conjurations
  2046 | D:3      | Reached XP level 6. HP: 41/41 MP: 3/11
  2404 | D:3      | Learned a level 4 spell: Fulminant Prism
  2687 | D:4      | Noticed ytrimaz's ghost (novice CoGl)
  2698 | D:4      | Found a runed translucent gate.
  2698 | D:4      | Found a runed translucent gate.
  2698 | D:4      | Found a runed translucent gate.
  2704 | D:4      | Reached skill level 1 in Alchemy
  2827 | D:4      | Reached XP level 7. HP: 45/46 MP: 7/13
  2946 | D:4      | Found a glowing silver altar of Zin.
  3286 | D:5      | Entered Level 5 of the Dungeon
  3337 | D:5      | Reached skill level 6 in Conjurations
  3515 | D:5      | Reached skill level 5 in Spellcasting
  3523 | D:5      | Reached XP level 8. HP: 52/52 MP: 2/15
  3777 | D:5      | Found a staircase to the Ecumenical Temple.
  3788 | Temple   | Entered the Ecumenical Temple
  3825 | Temple   | Became a worshipper of Sif Muna the Loreminder
  4446 | D:6      | Noticed a gargoyle
  4452 | D:6      | Killed a gargoyle
  4453 | D:6      | Reached skill level 7 in Conjurations
  4453 | D:6      | Reached skill level 5 in Alchemy
  4499 | D:6      | Reached XP level 9. HP: 36/57 MP: 8/18
  4780 | D:6      | Slain by a shadow imp

Illustrated notes

Levels and vault maps discovered:
D:1:      erik_arrival_orb_chamber, layout_rooms
D:2:      layout_loops_corners, mrwooster_statue_mirror,
          hangedman_decor_clover_reticule
D:3:      layout_basic, minmay_snake_closets, uniq_ijyb
D:4:      layout_cave_pools, mainiacjoe_overflow_tiny_flanked,
          gammafunk_ghost_split, st_stairs_11, roderic_roman_lattice
D:5:      layout_loops_ring, minmay_temple_entry_junction
D:6:      layout_loops_ring, gammafunk_temple_overflow_wave, minivault_5,
          hangedman_abyss_or_decor_jellyfish_corner, kennysheep_diamond,
          ebering_dispersal_statue_hall, minmay_microvault
Temple:   bh_familiar_temple

Skill      XL: |  1  2  3  4  5  6  7  8  9 |
---------------+----------------------------+-----
Spellcasting   | 2 3 4 5 6 |  6.3
Conjurations   | 4 5 6 7 |  7.5
Alchemy        | 1 3 5 6 |  6.0
Dodging        | |  1.7
Stealth        | |  1.5

Action                     |  1- 3 |  4- 6 |  7- 9 || total
---------------------------+-------+-------+-------++-------
  Melee: Unarmed           |    24 |    11 |       ||    35
         Spear             |     6 |    25 |    13 ||    44
         Dagger            |     6 |       |       ||     6
         Whip              |       |     9 |       ||     9
         Flail             |       |     3 |    16 ||    19
  Throw: Stone             |     1 |       |       ||     1
         Javelin           |     5 |       |       ||     5
   Cast: Magic Dart        |    80 |    46 |     9 ||   135
         Searing Ray       |       |    21 |    32 ||    53
         Fulminant Prism   |       |       |     4 ||     4
  Evoke: Wand              |     2 |     3 |     8 ||    13
    Use: Scroll            |       |       |     5 ||     5
         Potion            |       |       |     1 ||     1
   Stab: Sleeping          |     2 |     8 |     1 ||    11
 Armour: Robe              |    23 |    24 |    21 ||    68
         Skin              |       |     5 |       ||     5
         Leather armour    |       |       |    15 ||    15
  Dodge: Dodged            |    25 |    41 |    28 ||    94

Table legend: (Time is in decaauts)
 A = Elapsed time spent in this place.
 B = Non-inter-level travel time spent in this place.
 C = Inter-level travel time spent in this place.
 D = Time resting spent in this place.
 E = Time spent auto-exploring this place.
 F = Levels seen in this place.
 G = Mean time per level.
                   A        B        C        D        E       F      G
               +--------+--------+--------+--------+--------+-----+--------+
         Total |   4783 |   4590 |    193 |    579 |   2173 |   7 |  683.3 |
       Dungeon |   4710 |   4588 |    122 |    579 |   2173 |   6 |  785.0 |
        Temple |     73 |      2 |     71 |      0 |      0 |   1 |   73.0 |
               +--------+--------+--------+--------+--------+-----+--------+

Top non-repeatable levels by time:
     D:3: 958 daAuts
     D:1: 867 daAuts
     D:2: 800 daAuts
     D:6: 733 daAuts
     D:4: 716 daAuts
     D:5: 633 daAuts
  Temple: 73 daAuts
